 Dungeon Crawl Stone Soup version 0.30-b1-2-g02819fbbbe (webtiles) character file.

Game seed: 11339604192988596333

3624 LLlMATKO the Fighter (level 9, -8/123 HPs)
             Began as a Minotaur Berserker on Sept 18, 2023.
             Was an Elder of Trog.
             Mangled by a tentacled starspawn (10 damage)
             ... on level 1 of the Abyss.
             The game lasted 00:06:51 (7759 turns).

LLlMATKO the Fighter (Minotaur Berserker)           Turns: 7759, Time: 00:06:51

Health: -8/123     AC: 14    Str: 33    XL:     9   Next: 87%
Magic:  8/8        EV: 10    Int:  4    God:    Trog [****..]
Gold:   442        SH: 13    Dex:  9    Spells: 8/8 levels left

rFire   + . .        K - +0 broad axe
rCold   . . .        w - +0 tower shield
rNeg    . . .        E - +2 chain mail {rF+}
rPois   .            (helmet restricted)
rElec   .            L - +0 cloak
rCorr   +            (no gloves)
SInv    .            (no boots)
Will    .....        t - amulet of regeneration Stlth
                     B - ring of resist corrosion
HPRegen 1.20/turn    J - +6 ring of strength
MPRegen 0.11/turn

%: no passive effects
@: berserking, very quick
A: horns 2, retaliatory headbutt
a: Renounce Religion, Berserk, Trog's Hand, Brothers in Arms


You were on level 1 of the Abyss.
You worshipped Trog.
Trog was greatly pleased with you.
You visited 1 branch of the dungeon, and saw 9 of its levels.
You visited the Abyss 1 time.

You collected 545 gold pieces.
You spent 103 gold pieces at shops.

Inventory:

Hand Weapons
 a - a +0 hand axe
 k - a +0 war axe
 D - a +1 heavy hand axe
 K - a +0 broad axe (weapon)
 M - the +6 mace "Urel" {freeze, rPois}
   (You found it on level 7 of the Dungeon)

   rPois:     It protects you from poison.
Missiles
 p - 13 poisoned darts (quivered)
 G - 5 javelins
 N - 2 throwing nets
Armour
 v - a +2 ring mail of poison resistance
 w - a +0 tower shield (worn)
 E - a +2 chain mail of fire resistance (worn)
 L - a +0 cloak (worn)
Jewellery
 t - an amulet of regeneration (around neck)
 B - a ring of resist corrosion (left hand)
 J - a +6 ring of strength (right hand)
Wands
 u - a wand of paralysis (27)
 I - a wand of polymorph (8)
Scrolls
 b - 2 scrolls of enchant armour {unknown}
 d - 3 scrolls of magic mapping {unknown}
 e - a scroll of poison {unknown}
 f - 3 scrolls of silence {unknown}
 g - 3 scrolls of noise {unknown}
 i - a scroll of immolation {unknown}
 j - 4 scrolls of teleportation {unknown}
 l - a scroll of amnesia {unknown}
 m - 7 scrolls of identify {unknown}
 o - a scroll of blinking {unknown}
 q - 3 scrolls of fog {unknown}
 y - 3 scrolls of fear {unknown}
 z - a scroll of enchant weapon {unknown}
 H - a scroll of vulnerability {unknown}
Potions
 c - 4 potions of resistance {unknown}
 h - 4 potions of flight {unknown}
 n - 3 potions of curing {unknown}
 r - a potion of degeneration {unknown}
 s - a potion of invisibility {unknown}
 x - a potion of haste {unknown}
 A - a potion of ambrosia {unknown}
 C - 2 potions of heal wounds {unknown}
 F - a potion of attraction {unknown}
 O - 2 potions of brilliance {unknown}


   Skills:
 + Level 8.5 Fighting
 + Level 8.4 Axes
 + Level 8.0 Armour
 + Level 7.3 Dodging
 + Level 7.3 Shields


You had 8 spell levels left.
You didn't know any spells.
Your spell library was empty.

Dungeon Overview and Level Annotations

Branches:
Dungeon (9/15)             Temple (0/1) D:7
   Lair: D:8-11         Orc: D:9-12

Altars:
Ashenzari
Fedhas
Gozag
Hepliaklqana
Nemelex Xobeh
Trog
Xom
Zin

Shops:
D:1 [   D:6 =   D:7 [[?(

Annotations:
D:4 2 runed translucent doors, diceflayer's ghost, amateur DsHu
D:9 Erolcha


Innate Abilities, Weirdness & Mutations

You have a pair of horns on your head.
You reflexively headbutt those who attack you in melee.


Message History

Found a corrupted altar of Lugonu.
A tentacled starspawn comes into view.
You block the tentacled starspawn's attack.
The tentacled starspawn tentacle-slaps you!
You hit the tentacled starspawn.
The tentacled starspawn is lightly damaged.
The tentacled starspawn bites you!
The tentacled starspawn tentacle-slaps you.
You barely miss the tentacled starspawn.
You headbutt the tentacled starspawn, but do no damage.
The tentacled starspawn is lightly damaged.
The tentacled starspawn bites you!!
The tentacled starspawn tentacle-slaps you.
You slice the tentacled starspawn!! You headbutt the tentacled starspawn.
The tentacled starspawn is moderately damaged.
Tentacles burst from the starspawn's body!
The tentacled starspawn bites you!!
* * * LOW HITPOINT WARNING * * *
The tentacled starspawn tentacle-slaps you.
* * * LOW HITPOINT WARNING * * *
2 starspawn tentacles come into view.
A red film seems to cover your vision as you go berserk!
You feel yourself moving faster!
You feel mighty! The tentacled starspawn bites you!
* * * LOW HITPOINT WARNING * * *
You block the tentacled starspawn's attack.
The starspawn tentacle grabs you. The starspawn tentacle constricts you.
You slash the tentacled starspawn!
The starspawn tentacle loses its grip on you.
The tentacled starspawn is heavily damaged.
You hit the starspawn tentacle but do no damage.
The tentacled starspawn barely misses you.
You furiously retaliate!
You headbutt the tentacled starspawn.
The tentacled starspawn tentacle-slaps you!
* * * LOW HITPOINT WARNING * * *
The starspawn tentacle barely misses you.
You slash the tentacled starspawn! You headbutt the tentacled starspawn.
The tentacled starspawn is severely damaged.
You hit the starspawn tentacle. The tentacled starspawn bites you!
You die...

###############
.....wX@......_
...####w.......
#.###########.#
#... . ... ....
##### .....#. #
###~≈~. #.. .
.. ~~ #.......#
#...#.. ~


You could see a tentacled starspawn and 2 starspawn tentacles.

Vanquished Creatures
  Maggie (D:7)
  A wyvern (D:8)
  3 steam dragons
  An acid dragon (D:4)
  A water moccasin (D:6)
  An orc warrior (D:5)
  2 sky beasts
  2 black bears (D:5)
  4 ice beasts
  An ogre (D:5)
  4 centaurs
  Blork the orc (D:5)
  2 bullfrogs (D:8)
  10 killer bees
  3 hounds
  An orc priest (D:5)
  2 gnoll boudas (D:8)
  6 jellies
  2 iguanas
  2 orc wizards (D:5)
  A sleepcap (D:4)
  Robin (D:4)
  8 gnolls (D:8)
  4 adders
  4 white imps
  A worm (D:2)
  2 dart slugs (D:2)
  31 orcs
  5 endoplasms
  8 giant cockroaches
  19 goblins
  11 hobgoblins
  A jackal (D:1)
  5 kobolds
  3 quokkas
  12 ball pythons
  5 bats
  7 frilled lizards
  8 rats
186 creatures vanquished.

Notes
Turn   | Place    | Note
-------+----------+-------------------------------------------
     0 | D:1      | LLlMATKO the Minotaur Berserker began the quest for the
                  | Orb.
     0 | D:1      | Reached XP level 1. HP: 19/19 MP: 0/0
   269 | D:1      | Found Gidisuxu's Antique Armour Shoppe.
   273 | D:1      | Reached XP level 2. HP: 27/27 MP: 1/1
   614 | D:1      | Reached ** piety under Trog
   731 | D:1      | Reached XP level 3. HP: 33/33 MP: 2/2
  1355 | D:1      | Bought a kite shield for 103 gold pieces
  1475 | D:2      | Reached skill level 1 in Shields
  2000 | D:3      | Reached XP level 4. HP: 40/40 MP: 3/3
  2215 | D:3      | Found a blossoming altar of Fedhas.
  2399 | D:3      | Reached *** piety under Trog
  2479 | D:3      | Found a bloodstained altar of Trog.
  2490 | D:3      | Found an opulent altar of Gozag.
  2580 | D:3      | Found a broken altar of Ashenzari.
  3072 | D:4      | Noticed an acid dragon
  3081 | D:4      | Killed an acid dragon
  3082 | D:4      | Reached XP level 5. HP: 47/47 MP: 4/4
  3554 | D:4      | Noticed Robin
  3574 | D:4      | Killed Robin
  3575 | D:4      | Reached XP level 6. HP: 49/55 MP: 5/5
  3578 | D:4      | Reached skill level 5 in Fighting
  3762 | D:4      | Reached skill level 5 in Axes
  4409 | D:4      | Found a large runed translucent door.
  4410 | D:4      | Found a large runed translucent door.
  4413 | D:4      | Noticed diceflayer's ghost (amateur DsHu)
  4552 | D:5      | Entered Level 5 of the Dungeon
  4732 | D:5      | Reached XP level 7. HP: 48/61 MP: 6/6
  4900 | D:5      | Reached skill level 5 in Armour
  5041 | D:5      | Noticed Blork the orc
  5045 | D:5      | Reached **** piety under Trog
  5049 | D:5      | Killed Blork the orc
  5050 | D:5      | Reached skill level 5 in Dodging
  5054 | D:5      | Reached XP level 8. HP: 70/70 MP: 7/7
  5141 | D:5      | Found a glowing silver altar of Zin.
  5461 | D:6      | Reached skill level 5 in Shields
  5738 | D:6      | Found Citiuc's One-of-a-Kind Rings.
  6186 | D:7      | Found a staircase to the Ecumenical Temple.
  6200 | D:7      | Identified the +1 leather armour "Ufiopul" {rPois Will++
                  | Regen+ Dex-4}
  6244 | D:7      | Reached XP level 9. HP: 79/79 MP: 8/8
  6247 | D:7      | Identified the +6 mace "Urel" {freeze, rPois}
  6253 | D:7      | Found Muvoevva's Weapon Shop.
  6430 | D:7      | Found Lif Ank's Armour Emporium.
  6441 | D:7      | Found Yrumeng's Magic Scroll Boutique.
  6451 | D:7      | Noticed Maggie
  6464 | D:7      | Killed Maggie
  6526 | D:7      | Found a hazy altar of Hepliaklqana.
  6571 | D:7      | Found a sparkling altar of Nemelex Xobeh.
  6629 | D:7      | Found Idwewedu's Armour Shoppe.
  7701 | D:9      | Found a shimmering altar of Xom.
  7702 | D:9      | Noticed Erolcha
  7706 | Abyss:1  | Cast into level 1 of the Abyss (Erolcha)
  7711 | Abyss:1  | Found a corrupted altar of Lugonu.
  7751 | Abyss:1  | Found a corrupted altar of Lugonu.
  7752 | Abyss:1  | Noticed a tentacled starspawn
  7758 | Abyss:1  | HP: 1/123 [tentacled starspawn (9)]
  7759 | Abyss:1  | Mangled by a tentacled starspawn

Illustrated notes

Levels and vault maps discovered:
D:1:      nzn_arrival_water_spiral, layout_basic, serial_shops, shop,
          minivault_19, columned_hall_lemuel, minmay_quantized
D:2:      layout_basic, hangedman_feature_mirror,
          hangedman_decor_clover_reticule
D:3:      kennysheep_big_flooded_room, layout_rooms,
          nicolae_overflow_quartered_altars, serial_co_window_serial,
          co_window_corner_a, co_window_corner_a, co_window_paths_a,
          co_window_paths_a, co_window_paths_b, co_window_broadway_c,
          co_window_corner_b, co_window_corner_b, co_window_of_opportunity_b,
          co_window_broadway_b, co_window_corner_ca, co_window_paths_c,
          co_window_paths_d, glass_columns_b, glass_columns_c
D:4:      layout_layer_cave, ebering_ghost_disaster_area, serial_forest,
          infiniplex_forest_lined_2, infiniplex_forest_diagonal,
          infiniplex_forest_clump_small, infiniplex_forest_straight_2,
          infiniplex_forest_lined_room_, infiniplex_forest_corner_1,
          infiniplex_forest_lined_ring, infiniplex_forest_straight_2,
          infiniplex_forest_straight_1, infiniplex_forest_straight_1, uniq_robin
D:5:      layout_cave_pools, zin_treasury, uniq_blork_the_orc
D:6:      layout_cave_pods, nicolae_shop_unique_rings
D:7:      layout_cave_pools, kennysheep_little_box, mainiacjoe_overflow_paths,
          minmay_temple_entry_tees, serial_shops, nicolae_shop_trees, shop,
          nicolae_shop_tiny_waterfront, nicolae_shop_waterfront,
          solitary_fountain, uniq_maggie
D:8:      layout_gridville
D:9:      layout_irregular_city, general_overflow_altar,
          nicolae_overflow_squiral, mainiacjoe_overflow_alcove_1,
          minmay_misc_feat_room, uniq_erolcha
Abyss:1:  base:
D:1

Skill      XL: |  1  2  3  4  5  6  7  8  9 |
---------------+----------------------------+-----
Axes           | 4 5 6 7 8 |  8.4
Fighting       | 4 5 6 7 8 |  8.5
Armour         | 3 4 5 6 8 |  8.0
Shields        | 1 2 3 4 6 7 |  7.3
Dodging        | 3 4 5 6 7 |  7.3

Action                     |  1- 3 |  4- 6 |  7- 9 || total
---------------------------+-------+-------+-------++-------
  Melee: Hand axe          |   125 |    55 |    72 ||   252
         Headbutt          |    19 |    14 |    34 ||    67
         Punch             |     1 |       |       ||     1
         War axe           |       |    54 |    54 ||   108
         Broad axe         |       |       |    69 ||    69
 Invoke: Berserk           |       |     2 |     8 ||    10
         Trog's Hand       |       |       |     1 ||     1
 Armour: Animal skin       |    15 |       |       ||    15
         Scale mail        |    15 |    18 |       ||    33
         Chain mail        |       |    51 |   117 ||   168
  Dodge: Dodged            |    59 |    46 |    80 ||   185
  Block: Kite shield       |    12 |    22 |       ||    34
         Tower shield      |       |    51 |   183 ||   234
